 Dungeon Sprint DCSS version 0.24-a0-412-ge138f7edaf (webtiles) character file.

Game seed: 5235919303531295846

13559 wilfster70 the Imperceptible (level 11, -10/47 HPs)
             Began as a Spriggan Enchanter on June 6, 2019.
             Was the Champion of Dithmenos.
             Killed from afar by a fire giant (50 damage)
             ... with a bolt of fire
             ... in the Dungeon (Sprint I: "Red Sonja").
             The game lasted 00:09:53 (1861 turns).

wilfster70 the Imperceptible (Spriggan Enchanter)   Turns: 1861, Time: 00:09:54

Health: -10/47     AC:  4    Str:  4    XL:     11   Next: 77%
Magic:  21/29      EV: 19    Int: 16    God:    Dithmenos [******]
Gold:   998        SH:  9    Dex: 21    Spells: 25/36 levels left

rFire    . . .     SeeInvis +   a - +1 dagger
rCold    . . .     Gourm    .   i - +0 buckler
rNeg     . . .     Faith    .   b - +0 robe
rPois    .         Spirit   .   (helmet restricted)
rElec    .         Reflect  .   k - +1 cloak
rCorr    .         Harm     .   (gloves unavailable)
MR       +....     NoTele   +   (boots unavailable)
Stlth    ++++++++++             (no amulet)
HPRegen  0.15/turn              (no ring)
MPRegen  0.21/turn              (no ring)

@: wreathed by umbra, very quick
A: very small, unfitting armour, see invisible, herbivore, speed 3, slow
metabolism 2
a: Shadow Step, Shadow Form, Renounce Religion


You were in the Dungeon.
You worshipped Dithmenos.
Dithmenos was exalted by your worship.
You were not hungry.

You visited 1 branch You collected 1736 gold pieces.
You spent 738 gold pieces at shops.

Inventory:

Hand Weapons
 a - a +1 dagger (weapon)
Armour
 b - a +0 robe (worn)
 i - a +0 buckler (worn)
 k - a +1 cloak (worn)
Jewellery
 r - an uncursed ring of fire
Wands
 c - a wand of flame (20)
 l - a wand of acid (6)
 m - a wand of polymorph (11)
Scrolls
 j - a scroll of blinking
Potions
 e - a potion of curing
 f - a potion of heal wounds
 g - a potion of haste
 h - 2 potions of magic
 n - a potion of resistance
Comestibles
 d - 2 rations


   Skills:
 - Level 10.0 Short Blades
 - Level 3.0 Dodging
 + Level 24.0 Stealth
 - Level 7.3 Shields
 - Level 13.2 Spellcasting
 - Level 3.3 Conjurations
 - Level 15.0 Hexes
 * Level 11.4 Invocations


You had 25 spell levels left.
You knew the following spells:

 Your Spells              Type           Power        Failure   Level  Hunger
a - Corona                Hex            ######.      0%          1    None
b - Ensorcelled Hibernat  Hex/Ice        ####..       1%          2    None
c - Confuse               Hex            ######..     1%          3    None
d - Dazzling Spray        Conj/Hex       #####.       1%          3    None
g - Blink                 Tloc           N/A          10%         2    None

Your spell library contained the following spells:

 Spells                   Type           Power        Failure   Level  Hunger
 Magic Dart               Conj           ###.         1%          1    None
 Slow                     Hex            ######..     1%          2    None
 Tukima's Dance           Hex            ######..     1%          3    None
 Call Imp                 Summ           ##......     10%         2    None
 Conjure Flame            Conj/Fire      ###.....     10%         3    None
 Mephitic Cloud           Conj/Pois/Air  ##......     13%         3    None


Dungeon Overview and Level Annotations

Branches:
Dungeon (1/1)

Altars:
Cheibriados
Dithmenos
Elyvilon
Fedhas
Gozag
Hepliaklqana
Kikubaaqudgha
Makhleb
Nemelex Xobeh
Okawaru
Qazlal
Ru
Sif Muna
Trog
Uskayaw
Vehumet
Wu Jian
Xom
Yredelemnul
Zin
The Shining One
Jiyva
Lugonu

Shops:
D [[[:=*=*[%[}!*[[=


Innate Abilities, Weirdness & Mutations

You are very small and have problems with some larger weapons.
You are too small for most types of armour.
You have supernaturally acute eyesight. (SInv)
You are a herbivore.
You cover ground extremely quickly.
You need to consume almost no food.


Message History

3 fire giants come into view.
A fire giant is wielding a +0 great sword of flaming.
A fire giant is wielding a +0 great sword of flaming.
A fire giant is wielding a +1 great sword of flaming.
Found six items.
The helpless fire giant fails to defend itself.
You perforate the fire giant like a sieve!!!!!
You kill the fire giant!
Dithmenos accepts your kill.
Your Stealth skill increases to level 24!
Your Invocations skill increases to level 11!
Aiming: Shadow Step
Press: ? - help, Dir - move target cursor, f - fire giant
Aim: a fire giant, wielding a +0 great sword of flaming (resting, umbra)
You step into the fire giant's shadow.
Found five items.
The fire giant shouts! x3
The fire giant closely misses you. x2
The fire giant points at you and mumbles some strange words.
The bolt of fire hits you!!!
Ouch! That really hurt!
You die...

'.....'[∩##.#,,****,,*##§..#,≈,,*
###########§#*+*,,*,,*,###.#,≈,,*
##...§§§.##§#*,*,,,,,,,,,#.#**,,*
,#.....§§§§§#***,,,,,,,,,#.#,',,*
,#'''######§#,,+,,,,,,####'#,**'*
,#.....§§.#§#####,,,**#....#,*≈≈≈
##......§#§§#$?)#####...####,*≈≈≈
........≈####$C...)...##*,,,,*≈≈≈
.......≈≈##(?(..@.#####,,,,****≈≈
.....≈≈≈###??.CC.##,,,,,,,,*,,*'≈
..≈≈≈≈### #?....##,,,,,,,,,*,,,**
######'####$$$$$#,,,,,,,,,,*,,,,*
#######∩∩########****,,,,,,*,,,,*
∩∩∩∩∩∩∩∩###≈≈≈≈≈≈≈≈,*,,,,,,******
######### #######****,,,,,,',,*,,
#..0..+,,,,,,,,,,*,,',,
***********************


You could see 3 fire giants.

Vanquished Creatures
  A fire giant (D)
  A hydra (D)
  2 centaur warriors (D)
  Sonja (D)
  7 unseen horrors (D)
  A deep troll (D)
  A lindwurm (D)
  An oklob plant (D)
  2 kobold demonologists (D)
  A demonic crawler (D)
  A slime creature (D)
  A hornet (D)
  Sigmund (D)
  2 redbacks (D)
  A yak (D)
  13 hogs (D)
  3 floating eyes (D)
  7 necrophages (D)
  An ogre (D)
  8 jellies (D)
  Ijyb (D)
57 creatures vanquished.

Vanquished Creatures (others)
  the Lernaean hydra (D)
  A merfolk siren (D)
  4 hornets (D)
6 creatures vanquished.

Grand Total: 63 creatures vanquished

Notes
Turn   | Place    | Note
-------+----------+-------------------------------------------
     0 | D        | wilfster70 the Spriggan Enchanter began the quest for the
                  | Orb.
     0 | D        | Reached XP level 1. HP: 9/9 MP: 5/5
     1 | D        | Noticed Ijyb
     8 | D        | Killed Ijyb
     8 | D        | Reached skill level 9 in Stealth
     8 | D        | Reached XP level 2. HP: 13/13 MP: 6/6
    17 | D        | Learned a level 2 spell: Ensorcelled Hibernation
    68 | D        | Noticed an ogre
    71 | D        | Killed an ogre
    71 | D        | Reached skill level 14 in Stealth
    71 | D        | Reached XP level 3. HP: 16/16 MP: 2/8
    71 | D        | Reached XP level 4. HP: 21/21 MP: 2/9
   142 | D        | Noticed Sigmund
   145 | D        | Killed Sigmund
   145 | D        | Reached skill level 18 in Stealth
   145 | D        | Reached XP level 5. HP: 24/24 MP: 10/10
   145 | D        | Reached XP level 6. HP: 28/28 MP: 11/11
   150 | D        | Learned a level 3 spell: Confuse
   154 | D        | Learned a level 3 spell: Dazzling Spray
   166 | D        | Found a deep blue altar of Sif Muna.
   167 | D        | Found an ornate altar of the Wu Jian Council.
   168 | D        | Found a radiant altar of Vehumet.
   172 | D        | Reached skill level 1 in Conjurations
   191 | D        | Found Genoyzut's Armour Emporium.
   191 | D        | Found an ancient bone altar of Kikubaaqudgha.
   191 | D        | Found a hazy altar of Hepliaklqana.
   191 | D        | Found a hide-covered altar of Uskayaw.
   191 | D        | Found a basalt altar of Yredelemnul.
   191 | D        | Found an opulent altar of Gozag.
   191 | D        | Found a snail-covered altar of Cheibriados.
   191 | D        | Found a sacrificial altar of Ru.
   191 | D        | Found a shadowy altar of Dithmenos.
   191 | D        | Noticed a yak
   192 | D        | Found a stormy altar of Qazlal.
   192 | D        | Found a blossoming altar of Fedhas.
   192 | D        | Found a bloodstained altar of Trog.
   192 | D        | Found an iron altar of Okawaru.
   192 | D        | Found a glowing golden altar of the Shining One.
   192 | D        | Found a glowing silver altar of Zin.
   192 | D        | Found a white marble altar of Elyvilon.
   193 | D        | Killed a yak
   194 | D        | Found a sparkling altar of Nemelex Xobeh.
   198 | D        | Bought a +0 buckler for 54 gold pieces
   198 | D        | Bought a +0 cloak for 54 gold pieces
   200 | D        | Became a worshipper of Dithmenos the Shadowed
   214 | D        | Noticed Sonja
   218 | D        | Killed Sonja
   218 | D        | Reached skill level 5 in Short Blades
   218 | D        | Reached skill level 19 in Stealth
   218 | D        | Reached skill level 5 in Hexes
   218 | D        | Reached XP level 7. HP: 32/32 MP: 13/17
   218 | D        | Reached XP level 8. HP: 36/36 MP: 13/18
   233 | D        | Found Qiustr Qofics's Armour Boutique.
   253 | D        | Noticed a deep troll
   257 | D        | Killed a deep troll
   257 | D        | Reached skill level 5 in Shields
   267 | D        | Found Mumeuron's Armour Emporium.
   286 | D        | Noticed a centaur warrior
   286 | D        | Noticed a centaur warrior
   288 | D        | Killed a centaur warrior
   288 | D        | Reached * piety under Dithmenos
   288 | D        | Reached XP level 9. HP: 39/39 MP: 20/22
   289 | D        | Killed a centaur warrior
   289 | D        | Reached skill level 20 in Stealth
   313 | D        | Noticed an oklob plant
   315 | D        | Killed an oklob plant
   315 | D        | Reached ** piety under Dithmenos
   322 | D        | Reached skill level 10 in Hexes
   331 | D        | Reached skill level 10 in Spellcasting
   348 | D        | Noticed an unseen horror
   349 | D        | Noticed an unseen horror
   354 | D        | Killed an unseen horror
   354 | D        | Reached XP level 10. HP: 41/44 MP: 20/25
   356 | D        | Killed an unseen horror
   356 | D        | Reached *** piety under Dithmenos
   356 | D        | Reached skill level 21 in Stealth
   379 | D        | Reached **** piety under Dithmenos
   480 | D        | Found Pigif's General Store.
   506 | D        | Reached ***** piety under Dithmenos
   518 | D        | Found Umunei's Armour Emporium.
   519 | D        | Found Nagymer's Jewellery Emporium.
   547 | D        | Reached skill level 10 in Short Blades
   723 | D        | Found Keilyf's Book Shoppe.
   723 | D        | Found Getixig's Antique Armour Shop.
   723 | D        | Found Xokeg's Jewellery Boutique.
   725 | D        | Found Fosev's Assorted Antiques.
   725 | D        | Found Riosoemm's Jewellery Shop.
   725 | D        | Found Laetu's Assorted Antiques.
   725 | D        | Found Xicwur's Armour Boutique.
   725 | D        | Found Litarph's Food Emporium.
   725 | D        | Found Zofiuritt's Antique Armour Shop.
   725 | D        | Found Ynaelum's Gadget Shoppe.
   726 | D        | Bought a book of Minor Magic for 280 gold pieces
   729 | D        | Learned a level 2 spell: Blink
   730 | D        | Found Elaom's Distillery.
   757 | D        | Bought an uncursed ring of fire for 350 gold pieces
   801 | D        | Found a viscous altar of Jiyva.
   801 | D        | Found a corrupted altar of Lugonu.
   802 | D        | Found a burning altar of Makhleb.
   802 | D        | Found a shimmering altar of Xom.
   825 | D        | Reached ****** piety under Dithmenos
  1350 | D        | Noticed a lindwurm
  1352 | D        | Killed a lindwurm
  1352 | D        | Reached skill level 22 in Stealth
  1375 | D        | Reached XP level 11. HP: 15/47 MP: 23/28
  1445 | D        | Killed the 27-headed Lernaean hydra
  1694 | D        | Reached skill level 5 in Invocations
  1702 | D        | Reached skill level 15 in Hexes
  1762 | D        | Noticed a 12-headed hydra
  1764 | D        | Killed a 12-headed hydra
  1778 | D        | Noticed a daeva
  1781 | D        | Noticed an unseen horror
  1781 | D        | Noticed an unseen horror
  1781 | D        | Noticed an unseen horror
  1782 | D        | Noticed an unseen horror
  1784 | D        | Killed an unseen horror
  1785 | D        | Noticed an unseen horror
  1786 | D        | Killed an unseen horror
  1786 | D        | Reached skill level 23 in Stealth
  1787 | D        | Killed an unseen horror
  1789 | D        | Killed an unseen horror
  1791 | D        | Killed an unseen horror
  1791 | D        | Reached skill level 10 in Invocations
  1855 | D        | Noticed a fire giant
  1857 | D        | Noticed a fire giant
  1857 | D        | Noticed a fire giant
  1857 | D        | Noticed a fire giant
  1858 | D        | Killed a fire giant
  1858 | D        | Reached skill level 24 in Stealth
  1861 | D        | Killed from afar by a fire giant

Levels and vault maps discovered:
D:        dungeon_sprint_1 [red_sonja_temple_1, red_sonja_temple_small_1]

Skill      XL: |  1  2  3  4  5  6  7  8  9 10 11 |
---------------+----------------------------------+-----
Stealth        | 9 14 18 19 20 22 24 | 24.0
Spellcasting   | 6 8 10 12 13 | 13.2
Conjurations   | 3 |  3.3
Short Blades   | 5 7 9 10 | 10.0
Shields        | 3 6 7 |  7.3
Hexes          | 5 8 11 14 15 | 15.0
Invocations    | 4 11 | 11.4
Dodging        | |  3.0

Action                   |  1- 3 |  4- 6 |  7- 9 | 10-12 || total
-------------------------+-------+-------+-------+-------++-------
Melee: Dagger            |     5 |     4 |     9 |    78 ||    96
 Cast: Ensorcelled Hiber |     1 |       |       |    20 ||    21
       Confuse           |       |       |       |     8 ||     8
       Blink             |       |       |       |     1 ||     1
Invok: Shadow Step       |       |       |     1 |     2 ||     3
Evoke: Wand              |       |       |       |     3 ||     3
  Use: Potion            |     1 |       |       |       ||     1
       Scroll            |       |       |       |     3 ||     3
 Stab: Sleeping          |     2 |     4 |     9 |    35 ||    50
       Confused          |       |       |       |     6 ||     6
       Distracted        |       |       |       |     2 ||     2
Armor: Robe              |       |       |       |     3 ||     3
Dodge: Dodged            |     2 |       |       |    56 ||    58
Block: Buckler           |       |       |       |     7 ||     7

Table legend:
 A = Non-vault XP
 B = Vault XP
 C = Vault XP percentage of total XP
 D = Non-vault monster count
 E = Vault monster count
 F = Vault count percentage of total count
                 A         B        C        D         E       F
            +---------+---------+-------+---------+---------+-------
      Total |       0 |   19371 | 100.0 |       0 |      57 | 100.0
            +---------+---------+-------+---------+---------+-------
          D |       0 |   19371 | 100.0 |       0 |      57 | 100.0
            +---------+---------+-------+---------+---------+-------
